AoeStats
← LiyCoh

Arabian Desert

510125400Analyzed
1v1 RM · 3d ago on Sep 29, 2026· 23m 52s· 2 players
Game mode
Random Map
Map size
Tiny (2 player)
Population
200
Speed
Normal
Resources
Standard
Victory
Conquest
Starting age
Dark Age
Ending age
Imperial Age
RankedLock teamsTeams togetherTeam positionsShared explorationLock speedFull tech treeHidden civsTurbo modeCheats
Victory
Defeat
🇰🇿 Poles · Kazakhstan
1861
+20
🇧🇪 Romans · Belgium
1947
-20
Yess Alang
6:17 Loom
8:53 Feudal Age
9:56 Double-Bit Axe
11:22 Horse Collar
16:25 Fletching
18:22 Forging
19:38 Scale Barding Armor
23:08 Castle Age
21:33 Gold Mining
22:26 Bloodlines
24:42 Chain Barding Armor
LiyCoh
6:57 Loom
9:15 Feudal Age
9:38 Man-at-Arms
11:14 Double-Bit Axe
20:20 Castle Age
18:49 Gold Mining
19:47 Fletching
21:09 Bodkin Arrow
21:38 Padded Archer Armor
21:18 Crossbowman
Connection lost

Rejoining the realm…

Still unreachable

The connection could not be restored.

Session expired

The server has moved on; the page needs a fresh start.